 Dungeon Crawl Stone Soup version 0.20-a0-1124-g2e29d97 (webtiles) character file.

5992 Naow the Arsonist (level 10, 0/56 HPs)
             Began as an Octopode Fire Elementalist on May 16, 2017.
             Was an Elder of Vehumet.
             Slain by a wraith (11 damage)
             ... on level 10 of the Dungeon.
             The game lasted 00:27:15 (15647 turns).

Naow the Arsonist (Octopode Fire Elementalist)     Turns: 15647, Time: 00:27:15

Health: 0/56       AC:  1    Str:  7    XL:     10   Next: 85%
Magic:  10/22      EV: 13    Int: 22    God:    Vehumet [****..]
Gold:   813        SH:  0    Dex: 12    Spells: 11/26 levels left

rFire    + . .     SeeInvis .   t - staff of fire
rCold    . . .     Gourm    .   (no shield)
rNeg     . . .     Faith    .   (helmet restricted)
rPois    .         Spirit   .   (no amulet)
rElec    .         Reflect  .   (no ring)
rCorr    .         Harm     .   (no ring)
MR       .....                  (no ring)
Stlth    +++.......             (no ring)
Regen    0.2/turn               (no ring)
MPRegen  0.2/turn               (no ring)
                                (no ring)
                                (no ring)

@: slowed, very slow
A: almost no armour, stealthy swim, amphibious, 8 rings, constrict 8, camouflage
1, gelatinous body 1
a: Renounce Religion


You were on level 10 of the Dungeon.
You worshipped Vehumet.
Vehumet was greatly pleased with you.
You were hungry.

You visited 1 branch of the dungeon, and saw 10 of its levels.
You also visited: Ossuary.

You collected 813 gold pieces.

Inventory:

Hand Weapons
 j - a +0 dagger
 v - a +1 whip of flaming
 w - a +7 dagger
 C - a +3 dagger
Armour
 D - a +0 buckler
Magical Staves
 t - an uncursed staff of fire (weapon)
Jewellery
 E - an uncursed amulet of harm
 R - an uncursed ring of fire {unknown}
 U - an uncursed ring of protection from fire {unknown}
Wands
 p - a wand of polymorph (6/24)
 u - a wand of confusion (29/48)
 G - a wand of digging (3/24)
 I - a wand of digging (10/24)
 J - a wand of scattershot (4/9)
 P - a wand of confusion (14/48)
Scrolls
 c - 6 scrolls of remove curse {unknown}
 e - 15 scrolls of identify {unknown}
 g - 7 scrolls of teleportation {unknown}
 i - 3 scrolls of enchant armour {unknown}
 k - 3 scrolls of enchant weapon {unknown}
 m - 4 scrolls of magic mapping {unknown}
 q - 2 scrolls of recharging {unknown}
 x - a scroll of blinking {unknown}
 y - a scroll of random uselessness {unknown}
 B - a scroll of noise {unknown}
 F - a scroll of immolation {unknown}
 H - 2 scrolls of fog {unknown}
 K - a scroll of holy word {unknown}
 M - a scroll of amnesia {unknown}
Potions
 d - 5 potions of flight
 f - a potion of magic {unknown}
 h - a potion of haste {unknown}
 l - 2 potions of invisibility {unknown}
 o - 8 potions of curing {unknown}
 r - a potion of degeneration {unknown}
 s - 4 potions of cancellation {unknown}
 z - 2 potions of brilliance {unknown}
 A - a potion of berserk rage {unknown}
 S - a potion of resistance {unknown}
 T - a potion of agility {unknown}
 V - a potion of lignification {unknown}
Books
 a - a book of Flames

   Spells                             Type                      Level
   a - Flame Tongue                   Conjuration/Fire             1
   b - Throw Flame                    Conjuration/Fire             2
   c - Conjure Flame                  Conjuration/Fire             3
   d - Inner Flame                    Hexes/Fire                   3
   e - Sticky Flame                   Conjuration/Fire             4
   f - Fireball                       Conjuration/Fire             5
 O - a book of the Sky

   Spells                             Type                      Level
   a - Summon Lightning Spire         Summoning/Air                4
   b - Silence                        Hexes/Air                    5
   c - Deflect Missiles               Charms/Air                   6
   d - Conjure Ball Lightning         Conjuration/Air              6
   e - Tornado                        Air                          9
 Q - a book of Cantrips

   Spells                             Type                      Level
   a - Confusing Touch                Hexes                        1
   b - Animate Skeleton               Necromancy                   1
   c - Summon Small Mammal            Summoning                    1
   d - Apportation                    Translocation                1
Miscellaneous
 W - a fan of gales
Comestibles
 b - 9 bread rations
 n - 3 fruits
 L - 3 meat rations
 N - a royal jelly


   Skills:
 - Level 2.0 Dodging
 - Level 2.6 Stealth
 + Level 8.8 Spellcasting
 + Level 9.3 Conjurations
 + Level 9.6 Fire Magic


You had 11 spell levels left.
You knew the following spells:

 Your Spells              Type           Power        Failure   Level  Hunger
a - Flame Tongue          Conj/Fire      #####        1%          1    None
b - Throw Flame           Conj/Fire      ######       1%          2    None
c - Conjure Flame         Conj/Fire      ######..     1%          3    None
d - Sticky Flame          Conj/Fire      ######..     1%          4    ##.....
e - Fireball              Conj/Fire      ######....   1%          5    #####..


Dungeon Overview and Level Annotations

Branches:
Dungeon (10/15)            Temple (0/1) D:6            Lair (0/6) D:8
    Orc: D:9-12

Altars:
Fedhas
Gozag
Nemelex Xobeh
Okawaru
Qazlal
Ru
Trog
Vehumet
The Shining One

Annotations:
D:4 xsansara's ghost, amateur GrFi


Innate Abilities, Weirdness & Mutations

You cannot wear most types of armour.
You are very stealthy in the water. (Stealth+)
You are amphibious.
You can wear up to eight rings at the same time.
You can use your tentacles to constrict eight enemies at once.
Your skin changes colour to match your surroundings (Stealth+).
Your rubbery body absorbs attacks. (AC +1, EV +1)


Message History

You feel yourself slow down.
Casting: Flame Tongue
Confirm with . or Enter, or press ? or * to list all spells.
Aiming: Flame Tongue
Press: ? - help, Shift-Dir - straight line, f/p - wraith
Aim: a wraith (heavily damaged)
You feel a surge of power!
The flame tongue hits the wraith.
The wraith is heavily damaged.
The wraith hits you!
* * * LOW HITPOINT WARNING * * *
Casting: Flame Tongue
Confirm with . or Enter, or press ? or * to list all spells.
Aiming: Flame Tongue
Press: ? - help, Shift-Dir - straight line, f/p - wraith
Aim: a wraith (heavily damaged)
You feel a surge of power!
The flame tongue hits the wraith.
The wraith appears unharmed.
The wraith is heavily damaged.
The wraith barely misses you. The wraith hits you!
You die...

# . ############## # .Y
#............# # ...
#............# # >...
#............#### .....
###............#..'
.....^#W@............'.##
.....O§.#............####
......########'####### #
##+## #.# #.# #.# #.# #.#
#.#


You could see a wraith and an ogre.

Vanquished Creatures
  Pikel (D:5)
  Joseph (D:8)
  A komodo dragon (D:8)
  A troll (D:9)
  Sigmund (D:3)
  The ghost of Naow the Firebug, an amateur OpFE of Vehumet (D:5)
  A wraith (D:8)
  A wyvern (D:9)
  Edmund (D:4)
  A water moccasin (D:8)
  5 orc warriors
  A black bear (D:7)
  4 slaves
  An ice beast (D:7)
  3 ogres
  3 centaurs
  A big kobold (D:8)
  2 bullfrogs
  A water moccasin skeleton (D:4)
  5 scorpions
  5 killer bees (D:8)
  9 wights
  4 howler monkeys
  2 crimson imps
  2 centaur zombies
  A bullfrog zombie (D:8)
  3 orc priests
  4 hounds
  A jelly (D:7)
  Crazy Yiuf (D:2)
  10 orc wizards
  2 bullfrog skeletons
  Ijyb (D:3)
  Terence (D:3)
  An iguana (D:9)
  9 worker ants
  An ogre zombie (D:10)
  8 mummies (Ossuary)
  2 worker ant zombies
  8 gnolls
  11 adders
  A shadow imp (D:5)
  An adder zombie (D:6)
  2 adder skeletons
  3 worms
  A dart slug (D:2)
  5 leopard geckos
  23 orcs
  7 giant cockroaches
  3 gnoll zombies (Ossuary)
  6 goblins
  5 hobgoblins
  15 jackals
  5 quokkas
  3 ball pythons (D:3)
  9 bats
  5 frilled lizards
  2 hobgoblin zombies
  9 kobolds
  A kobold zombie (Ossuary)
  9 orc zombies
  12 rats
249 creatures vanquished.

Vanquished Creatures (others)
  An orc (D:5)
  A plant (D:8)
2 creatures vanquished.

Grand Total: 251 creatures vanquished

Notes
Turn   | Place    | Note
-------+----------+-------------------------------------------
     0 | D:1      | Naow the Octopode Fire Elementalist began the quest for the Orb.
     0 | D:1      | Reached XP level 1. HP: 11/11 MP: 3/3
   353 | D:1      | Reached XP level 2. HP: 17/17 MP: 5/5
  1458 | D:2      | Reached XP level 3. HP: 21/21 MP: 3/6
  1901 | D:2      | Found a radiant altar of Vehumet.
  1974 | D:2      | Became a worshipper of Vehumet
  2154 | D:2      | Found a sacrificial altar of Ru.
  2214 | D:2      | Reached XP level 4. HP: 27/27 MP: 2/8
  2448 | D:2      | Found a runed door.
  2883 | D:2      | Noticed Crazy Yiuf
  2888 | D:2      | Learned a level 2 spell: Throw Flame
  2892 | D:2      | Learned a level 3 spell: Conjure Flame
  2899 | D:2      | Killed Crazy Yiuf
  3156 | D:3      | Found a blossoming altar of Fedhas.
  3305 | D:3      | Noticed Sigmund
  3331 | D:2      | Reached XP level 5. HP: 31/31 MP: 1/9
  3408 | D:2      | Learned a level 4 spell: Sticky Flame
  3931 | D:3      | Noticed Ijyb
  4030 | D:3      | Killed Ijyb
  4196 | D:3      | Reached * piety under Vehumet
  4196 | D:3      | Offered knowledge of Sandblast by Vehumet.
  4519 | D:3      | Reached XP level 6. HP: 36/36 MP: 7/11
  4782 | D:3      | Noticed Terence
  4792 | D:3      | Killed Terence
  5634 | D:3      | Killed Sigmund
  5634 | D:3      | Reached skill level 5 in Fire Magic
  5634 | D:3      | Reached XP level 7. HP: 41/41 MP: 3/13
  6024 | D:4      | Found an opulent altar of Gozag.
  6104 | D:4      | Noticed xsansara's ghost (amateur GrFi)
  6564 | D:4      | Found a glowing golden altar of the Shining One.
  6728 | D:5      | Entered Level 5 of the Dungeon
  6728 | D:5      | Noticed Pikel
  6791 | D:5      | Noticed Edmund
  6811 | D:4      | Killed Edmund
  6811 | D:4      | Reached skill level 5 in Spellcasting
  6811 | D:4      | Reached skill level 5 in Conjurations
  6811 | D:4      | Reached XP level 8. HP: 10/46 MP: 2/15
  7504 | D:5      | Offered knowledge of Shock by Vehumet.
  7833 | D:5      | Killed Pikel
  7833 | D:5      | Reached ** piety under Vehumet
  8009 | D:5      | Found a sparkling altar of Nemelex Xobeh.
  8022 | D:5      | Noticed Naow's ghost (amateur OpFE)
  8034 | D:5      | Killed Naow's ghost
  8034 | D:5      | Reached XP level 9. HP: 51/51 MP: 7/18
  8158 | D:5      | Found a stormy altar of Qazlal.
  9008 | D:6      | Found a sand-covered staircase.
  9009 | D:6      | Found an iron altar of Okawaru.
  9014 | Ossuary  | Entered an ossuary
  9115 | Ossuary  | Offered knowledge of Searing Ray by Vehumet.
  9358 | Ossuary  | Reached *** piety under Vehumet
 10762 | D:6      | Found a staircase to the Ecumenical Temple.
 10886 | D:7      | Learned a level 5 spell: Fireball
 11143 | D:6      | Offered knowledge of Force Lance by Vehumet.
 11873 | D:7      | Reached XP level 10. HP: 56/56 MP: 12/21
 12115 | D:7      | Found a sacrificial altar of Ru.
 12842 | D:8      | Noticed Joseph
 12857 | D:8      | Killed Joseph
 13816 | D:8      | Reached **** piety under Vehumet
 14178 | D:8      | Found a staircase to the Lair.
 14568 | D:8      | Offered knowledge of Ignite Poison by Vehumet.
 15392 | D:9      | Found a bloodstained altar of Trog.
 15421 | D:10     | Entered Level 10 of the Dungeon
 15647 | D:10     | Slain by a wraith

Vault maps used:
D:1:      co_arrival_random_square_maze
D:2:      overflow_temple_1_default, hangedman_ru_absence,
          uniq_crazy_yiuf_cottage
D:3:      fedhas_altar_4, uniq_sigmund, uniq_terence, uniq_ijyb
D:4:      lemuel_coloured_pillars_altar, grunt_gozag_statues
D:5:      nemelex_xobeh_ov_fountains_minmay, grunt_qazlal_clouds, first_bread,
          uniq_pikel, uniq_edmund
D:6:      temple_hall, enter_ossuary_3, okawaru_trees_1
D:7:      basic_altar, grunt_ogre_cave
D:8:      minmay_cornered_nines, david_lair_shrubbed, uniq_joseph
D:9:      lightli_temple_of_fire
D:10:     zombieorc2_lemuel, eino_tiny_chamber, uniq_fannar, uniq_maurice
Ossuary:  ossuary_tomb_3

Skill      XL: |  1  2  3  4  5  6  7  8  9 10 |
---------------+-------------------------------+-----
Conjurations   | 2 3 4 5 6 8 9 |  9.3
Spellcasting   | 3 4 5 6 7 8 |  8.8
Fire Magic     | 4 5 7 8 9 |  9.6
Dodging        | |  2.0
Stealth        | |  2.6

Action                   |  1- 3 |  4- 6 |  7- 9 | 10-12 || total
-------------------------+-------+-------+-------+-------++-------
Melee: Unarmed           |    19 |    20 |       |       ||    39
       Constrict         |     7 |     9 |     8 |       ||    24
       Tentacles         |     2 |     3 |     8 |     1 ||    14
       Dagger            |       |    28 |    23 |    10 ||    61
       Staff             |       |       |     3 |       ||     3
 Cast: Flame Tongue      |    61 |    84 |   205 |   172 ||   522
       Throw Flame       |       |    16 |    77 |    34 ||   127
       Conjure Flame     |       |     5 |     4 |     7 ||    16
       Sticky Flame      |       |       |    15 |    14 ||    29
       Fireball          |       |       |       |     3 ||     3
  Use: Potion            |     2 |       |       |       ||     2
 Stab: Sleeping          |       |     1 |     2 |       ||     3
  Eat: Chunk             |     4 |    11 |    10 |     5 ||    30
       Meat ration       |       |       |     1 |     1 ||     2
       Royal jelly       |       |       |     1 |     1 ||     2
       Bread ration      |       |       |     1 |       ||     1
       Fruit             |       |       |     1 |       ||     1
Armor: Skin              |     6 |     4 |     4 |     1 ||    15
Dodge: Dodged            |    37 |    53 |    78 |    26 ||   194
